 Dungeon Crawl Stone Soup version 0.29-a0-1008-g949cc1d0fb (webtiles) character file.

Game seed: 7734453839576757956

91 KyoPewz the Gusty (level 4, -2/24 HPs)
             Began as a Deep Elf Air Elementalist on Aug 7, 2022.
             Slain by Crazy Yiuf
             ... wielding a +3 quarterstaff of chaos
              (5 damage)
             ... on level 3 of the Dungeon.
             The game lasted 00:05:29 (2977 turns).

KyoPewz the Gusty (Deep Elf Air Elementalist)       Turns: 2977, Time: 00:05:30

Health: -2/24      AC:  2    Str:  7    XL:     4   Next: 33%
Magic:  4/12       EV: 12    Int: 20    God:
Gold:   188        SH:  0    Dex: 15    Spells: 1/11 levels left

rFire   . . .      SeeInvis .   j - +0 dagger (freeze)
rCold   . . .      Faith    .   (no shield)
rNeg    . . .      Spirit   .   a - +0 robe
rPois   .          Reflect  .   (no helmet)
rElec   .          Harm     .   (no cloak)
rCorr   .          Rampage  .   (no gloves)
Will    .....                   (no boots)
Stlth   ++........              (no amulet)
HPRegen 0.08/turn               (no ring)
MPRegen 0.13/turn               (no ring)

@: lethally poisoned (-2 -> -14)
A: no striking features
a: no special abilities


You were on level 3 of the Dungeon.
You visited 1 branch of the dungeon, and saw 3 of its levels.

You collected 188 gold pieces.

Inventory:

Hand Weapons
 j - a +0 dagger of freezing (weapon)
Missiles
 c - 2 throwing nets
Armour
 a - a +0 robe (worn)
Scrolls
 d - 3 scrolls of teleportation
 k - a scroll of fog {unknown}
Potions
 b - a potion of magic
 e - 3 potions of flight
 f - a potion of mutation
 g - a potion of haste {unknown}
 h - a potion of ambrosia {unknown}
 i - a potion of curing


   Skills:
 - Level 2.4 Dodging
 - Level 2.4 Stealth
 + Level 4.0 Spellcasting
 + Level 2.3 Conjurations
 * Level 4.2 Air Magic


You had one spell level left.
You knew the following spells:

 Your Spells              Type           Power      Damage    Failure   Level
a - Shock                 Conj/Air       68%        1d7       3%          1
b - Static Discharge      Conj/Air       17%        3-6/arc   4%          2
c - Swiftness             Air            21%        N/A       7%          3
d - Airstrike             Air            10%        2d(2-18)  22%         4

Your spell library contained the following spells:

 Spells                   Type           Power      Damage    Failure   Level


Dungeon Overview and Level Annotations

Branches:
Dungeon (3/15)

Altars:
Xom

Annotations:
D:3 Crazy Yiuf


Message History

You see here 8 stones.
You see here a bat skeleton.
Things that are here:
a +0 whip; a +0 ring mail
There is a stone staircase leading up here.
Found a hammer.
Found a runed translucent door.
Crazy Yiuf cries, "Goldfish!"
Crazy Yiuf glowers.
Press: ? - help, v - describe, . - travel
Here: Crazy Yiuf, wielding a +3 quarterstaff of chaos and wearing a +0 cloak (fire blocked by a runed translucent door)
The floor.
As you open the door, it creaks loudly!
Crazy Yiuf whimpers, "Snurf!"
Casting: Shock (safe; 3% risk of failure)
Confirm with . or Enter, or press ? or * to list all spells.
The spell is astonishingly dangerous to miscast (22% risk of failure)!
Continue anyway? [Y]es or [N]o only, please.
The spell is astonishingly dangerous to miscast (22% risk of failure)!
Continue anyway?
Uppercase [Y]es or [N]o only, please.
The spell is astonishingly dangerous to miscast (22% risk of failure)!
Continue anyway?
Aiming: Airstrike (astonishingly dangerous; 22% risk of failure)
Press: ? - help, Dir - move target, f - Crazy Yiuf
Aim: Crazy Yiuf, wielding a +3 quarterstaff of chaos and wearing a +0 cloak (empty space bonus: 3/8)
The air twists around and strikes Crazy Yiuf.
Crazy Yiuf is moderately wounded.
Crazy Yiuf hits you with a +3 quarterstaff of chaos!
You are poisoned.
Casting: Airstrike (astonishingly dangerous; 22% risk of failure)
Confirm with . or Enter, or press ? or * to list all spells.
The spell is astonishingly dangerous to miscast (22% risk of failure)!
Continue anyway?
Aiming: Airstrike (astonishingly dangerous; 22% risk of failure)
Press: ? - help, Dir - move target, f/p - Crazy Yiuf
Aim: Crazy Yiuf, wielding a +3 quarterstaff of chaos and wearing a +0 cloak (moderately wounded, empty space bonus: 3/8)
The air twists around and strikes Crazy Yiuf.
Crazy Yiuf is moderately wounded.
You feel very sick.
Crazy Yiuf hits you with a +3 quarterstaff of chaos!
* * * LOW HITPOINT WARNING * * *
Crazy Yiuf burns you.
You die...

#.......#####.##.#
##.#.
#.####.###....##.#
##>... #.# #.#
#....##.# ##.....
#.# ###
#############......
#.# #....####. #.#
####.# ## #.#####
### #.# # #...#.##
###..)# #.# #
#......####@g...#
#.# ##
##......#..##...#
#.# #. ##.#..#.###
### #.####. ########
####..^...
#.###.##.#
###########.# #.##.#
#...........###.##.#
###.###.........#.#.
#..............###


You could see Crazy Yiuf.

Vanquished Creatures
  An iguana (D:3)
  3 dart slugs
  5 orcs (D:3)
  3 ball pythons (D:1)
  5 endoplasms
  5 giant cockroaches
  7 goblins
  4 hobgoblins
  2 quokkas (D:3)
  6 bats
  A frilled lizard (D:3)
  6 kobolds
  4 rats
52 creatures vanquished.

Notes
Turn   | Place    | Note
-------+----------+-------------------------------------------
     0 | D:1      | KyoPewz the Deep Elf Air Elementalist began the quest for
                  | the Orb.
     0 | D:1      | Reached XP level 1. HP: 10/10 MP: 6/6
   284 | D:1      | Reached XP level 2. HP: 15/15 MP: 6/8
   287 | D:1      | Learned a level 2 spell: Static Discharge
   438 | D:1      | Found a faded altar of an unknown god.
  1395 | D:2      | Reached XP level 3. HP: 19/19 MP: 5/10
  2037 | D:3      | Reached XP level 4. HP: 24/24 MP: 6/11
  2584 | D:3      | Found a shimmering altar of Xom.
  2589 | D:3      | Learned a level 3 spell: Swiftness
  2594 | D:3      | Learned a level 4 spell: Airstrike
  2971 | D:3      | Found a runed translucent door.
  2972 | D:3      | Noticed Crazy Yiuf
  2977 | D:3      | Slain by Crazy Yiuf

Illustrated notes

Levels and vault maps discovered:
D:1:      grunt_arrival_crossed_arrows, layout_rooms,
          ebering_ecumenical_altar_petrified
D:2:      layout_loops_cross, nicolae_titane
D:3:      layout_loops_ring, mainiacjoe_overflow_cross_hatched,
          nicolae_kite_square_tiling_tiny, uniq_crazy_yiuf_cottage

Skill      XL: |  1  2  3  4 |
---------------+-------------+-----
Conjurations   | 2 |  2.3
Air Magic      | 4 |  4.2
Spellcasting   | 4 |  4.0
Dodging        | |  2.4
Stealth        | |  2.4

Action                   |  1- 3 |  4- 6 || total
-------------------------+-------+-------++-------
Melee: Dagger            |       |     3 ||     3
 Cast: Shock             |    81 |    38 ||   119
       Airstrike         |       |     2 ||     2
  Use: Scroll            |     8 |     2 ||    10
Armor: Robe              |     1 |     4 ||     5
Dodge: Dodged            |    12 |     7 ||    19

Table legend: (Time is in decaauts)
 A = Elapsed time spent in this place.
 B = Non-inter-level travel time spent in this place.
 C = Inter-level travel time spent in this place.
 D = Time resting spent in this place.
 E = Time spent auto-exploring this place.
 F = Levels seen in this place.
 G = Mean time per level.
                   A        B        C        D        E       F      G
               +--------+--------+--------+--------+--------+-----+--------+
         Total |   2977 |   2944 |     33 |      0 |   2621 |   3 |  992.3 |
       Dungeon |   2977 |   2944 |     33 |      0 |   2621 |   3 |  992.3 |
               +--------+--------+--------+--------+--------+-----+--------+

Top non-repeatable levels by time:
     D:3: 1230 daAuts
     D:2: 1084 daAuts
     D:1: 661 daAuts
